 Dungeon Crawl Stone Soup version bcrawl-1.28.1b (webtiles) character file.

Game seed: 11985633697143142604

83082 Morbidden the Conjurer (level 2, 0/15 HPs)
             Began as a Skeleton Conjurer on Dec 30, 2020.
             Slain by a jackal (1 damage)
             ... on level 2 of the Dungeon.
             The game lasted 00:01:28 (564 turns).

Morbidden the Conjurer (Skeleton Conjurer)           Turns: 564, Time: 00:01:28

Health: 0/15       AC:  2    Str: 14      XL:     2   Next: 10%
Magic:  0/6        EV: 12    Int: 12 (13) God:
Gold:   46         SH:  0    Dex:  9      Spells: 4/7 levels left

rFire    . . .     SeeInvis .     - Fists (3.3)
rCold    + . .     Gourm    .   (no shield)
rNeg     + + +     Faith    .   a - +0 robe
rPois    ∞         Spirit   +   (no helmet)
rElec    .         Reflect  .   (no cloak)
rCorr    .         Harm     .   (no gloves)
MR       .....                  (no boots)
Stlth    ++........             (no amulet)
HPRegen  0.05/turn              (no ring)
MPRegen  0.10/turn              (no ring)

@: very slightly contaminated
A: no food or potions, cold resistance 1, deterioration 1, negative energy
resistance 3, torment resistance, unbreathing, magic shield, sturdy frame 1,
spell healing
a: no special abilities


You were on level 2 of the Dungeon.
You were not hungry.

You visited 1 branch of the dungeon, and saw 2 of its levels.

You collected 46 gold pieces.

Inventory:

Armour
 a - a +0 robe (worn)
Scrolls
 b - a scroll of amnesia {unknown}
 c - 2 scrolls of identify


   Skills:
 * Level 0.2 Fighting
 * Level 2.1 Dodging
 + Level 2.4 Stealth
 * Level 3.1 Spellcasting
 * Level 5.2 Conjurations


You had 4 spell levels left.
You knew the following spells:

 Your Spells              Type           Power        Failure   Level  Hunger
a - Magic Dart            Conj           ##..         2%          1    N/A
b - Searing Ray           Conj           ##......     4%          2    N/A

Your spell library contained the following spells:

 Spells                   Type           Power        Failure   Level  Hunger
 Iskenderun's Mystic Bla  Conj           ##......     9%          3    N/A
 Conjure Flame            Conj/Fire      #.......     26%         3    N/A
 Mephitic Cloud           Conj/Pois/Air  #.......     34%         3    N/A
 Blink                    Tloc           N/A          36%         2    N/A
 Call Imp                 Summ           #.....       36%         2    N/A
 Fulminant Prism          Conj/Hex       #.........   63%         4    N/A
 Irradiate                Conj/Tmut      #.........   93%         5    N/A
 Spider Form              Tmut/Pois      Unusable     N/A         3    N/A

Dungeon Overview and Level Annotations

Branches:
Dungeon (2/12)

Altars:


Innate Abilities, Weirdness & Mutations

You do not eat or drink.
You are immune to poison.
Your flesh is cold resistant. (rC+)
Your body sometimes deteriorates upon taking damage.
You are immune to negative energy. (rN+++)
You are immune to unholy pain and torment.
You can survive without breathing.
When hurt, damage is shared between your health and your magic reserves.
Your movements are slightly less encumbered by armour. (ER -2)
Casting spells heals you.


Message History

The jackal bites you.
* * * LOW HITPOINT WARNING * * *
You hit the jackal but do no damage.
The jackal is severely wounded.
The jackal bites you but does no damage.
The jackal closely misses you.
The jackal bites you but does no damage.
Unknown command.
You can't drink.
Unknown command.
You barely miss the jackal.
The jackal is severely wounded.
The jackal closely misses you. The jackal bites you.
* * * LOW HITPOINT WARNING * * *
The jackal barely misses you.
You hit the jackal.
You kill the jackal!
The jackal closely misses you. The jackal bites you.
You die...

#......# #......#
#......######
##............
............>#
.#......#####
..........########
.######......rKh.#
........########@#
......#.# #.#
......#.# #.#
..... #.# #.#
..... #.# #.# ....
..# #.# #.# #.#


You could see a jackal, a kobold and a rat.

Vanquished Creatures
  A giant cockroach (D:1)
  A goblin (D:1)
  2 hobgoblins (D:1)
  A jackal (D:2)
  A bat (D:1)
  A frilled lizard (D:1)
  2 kobolds
  A rat (D:1)
10 creatures vanquished.

Notes
Turn   | Place    | Note
-------+----------+-------------------------------------------
     0 | D:1      | Morbidden the Skeleton Conjurer began the quest for the
                  | Orb.
     0 | D:1      | Reached XP level 1. HP: 10/10 MP: 4/4
    79 | D:1      | Reached skill level 5 in Conjurations
   461 | D:1      | Reached XP level 2. HP: 15/15 MP: 0/6
   511 | D:2      | Learned a level 2 spell: Searing Ray
   564 | D:2      | Slain by a jackal

Skill      XL: |  1 |
---------------+----+-----
Conjurations   | 5 |  5.2
Fighting       | |  0.2
Dodging        | |  2.1
Stealth        | |  2.4
Spellcasting   | |  3.1

Action                   || total
-------------------------++-------
Melee: Unarmed           ||    25
 Cast: Magic Dart        ||    27
Armor: Robe              ||     9
Dodge: Dodged            ||    44
